 Dungeon Sprint DCSS version 0.27-a0-103-g6cd7b45605 (webtiles) character file.

Game seed: 12688651816822055845

7 mhtbhm the Chiller (level 1, 3/10 HPs)
             Began as a Deep Elf Ice Elementalist on Jan 23, 2021.
             Quit the game in the Dungeon (Sprint IX: "|||||||||||||||||||||||||||||").
             The game lasted 00:00:45 (238 turns).

mhtbhm the Chiller (Deep Elf Ice Elementalist)       Turns: 238, Time: 00:00:46

Health: 3/10       AC:  2    Str:  5    XL:     1   Next: 91%
Magic:  3/7        EV: 13    Int: 19    God:
Gold:   0          SH:  0    Dex: 15    Spells: 6/7 levels left

rFire    . . .     SeeInvis .   (no weapon)
rCold    . . .     Faith    .   (no shield)
rNeg     . . .     Spirit   .   a - +0 robe
rPois    .         Reflect  .   (no helmet)
rElec    .         Harm     .   (no cloak)
rCorr    .         Rampage  .   (no gloves)
Will     .....     NoTele   +   (no boots)
Stlth    ++........             (no amulet)
HPRegen  0.03/turn              (no ring)
MPRegen  0.10/turn              (no ring)

@: no status effects
A: no striking features
a: no special abilities


You were in the Dungeon.
You visited 1 branch

Inventory:

Armour
 a - a +0 robe (worn)
Scrolls
 h - a scroll of blinking
Potions
 c - a potion of curing
 d - a potion of heal wounds
 e - a potion of haste
 f - 2 potions of magic
 g - a potion of berserk rage


   Skills:
 + Level 2.6 Dodging
 + Level 2.6 Stealth
 + Level 3.5 Spellcasting
 + Level 5.7 Ice Magic


You had 6 spell levels left.
You knew the following spells:

 Your Spells              Type           Power        Failure   Level
a - Freeze                Ice            100%         1%          1

Your spell library contained the following spells:

 Spells                   Type           Power        Failure   Level
 Frozen Ramparts          Ice            50%          4%          3
 Ozocubu's Armour         Ice            25%          4%          3
 Hailstorm                Conj/Ice       14%          41%         4
 Summon Ice Beast         Ice/Summ       14%          41%         4


Dungeon Overview and Level Annotations

Branches:
Dungeon (1/1)

Altars:


Message History

The phantom resists.
You freeze the phantom.
The phantom is lightly damaged.
The phantom hits you.
Ouch! That really hurt!
* * * LOW HITPOINT WARNING * * *
The phantom blinks!
Unknown command.
The phantom blinks!
There is an open door to the Dungeon here.
You see here a +0 dagger.
Are you sure you want to abandon this character and quit the game? (Confirm with "yes".)
Okay, then.
What are your orders? t - Shout!
Orders for allies: a - Attack new target. p - Attack previous target. r - Retreat! s - Stop attacking. g - Guard the area. f - Follow me.
Anything else - Cancel.
Okay, then.
Are you sure you want to abandon this character and quit the game? (Confirm with "yes".)

▓.▓
▓W▓
▓'▓
▓c▓
▓.▓
▓Y▓
▓.▓
▓Y▓
▓@▓
▓.▓
▓.▓
▓.▓
▓<▓
▓▓▓


You could see a phantom, 2 ice beasts and a centaur.

Vanquished Creatures
  An orc (D)
  A bat (D)
  2 goblins (D)
  A frilled lizard (D)
  A rat (D)
6 creatures vanquished.

Notes
Turn   | Place    | Note
-------+----------+-------------------------------------------
     0 | D        | mhtbhm the Deep Elf Ice Elementalist began the quest for
                  | the Orb.
     0 | D        | Reached XP level 1. HP: 10/10 MP: 6/6
    70 | D        | Reached skill level 5 in Ice Magic
   224 | D        | Noticed a centaur
   224 | D        | Noticed an ice beast
   224 | D        | Noticed an ice beast
   224 | D        | Noticed a phantom
   238 | D        | Quit the game

Illustrated notes

Levels and vault maps discovered:
D:        linesprint [early_d, line_temple, items_1, d_10, items_2, lair_1,
          lair_end, items_3, orc_1, orc_end, items_4, d_15, swamp_1, shoals_1,
          snake_1, spider_1, d_20, vaults_1, items_5, swamp_end, shoals_end,
          snake_end, spider_end, vaults_end, d_27, items_6, zot_1, zot_end,
          crypt_end, forest_end, elf_end, slime_end, tomb_end, abyss_end,
          pan_hell_end]

Skill      XL: |  1 |
---------------+----+-----
Ice Magic      | 5 |  5.7
Dodging        | |  2.6
Stealth        | |  2.6
Spellcasting   | |  3.5

Action                   || total
-------------------------++-------
 Cast: Freeze            ||    11
Armor: Robe              ||     1
Dodge: Dodged            ||     2

Table legend: (Time is in decaauts)
 A = Elapsed time spent in this place.
 B = Non-inter-level travel time spent in this place.
 C = Inter-level travel time spent in this place.
 D = Time resting spent in this place.
 E = Time spent auto-exploring this place.
 F = Levels seen in this place.
 G = Mean time per level.
                   A        B        C        D        E       F      G
               +--------+--------+--------+--------+--------+-----+--------+
         Total |    238 |    238 |      0 |    203 |      9 |   1 |  238.0 |
       Dungeon |    238 |    238 |      0 |    203 |      9 |   1 |  238.0 |
               +--------+--------+--------+--------+--------+-----+--------+

Top non-repeatable levels by time:
       D: 238 daAuts
